 Dungeon Crawl Stone Soup version 0.20.1-1-g8b1a95d (webtiles) character file.

13565 scotch the Carver (level 12, -7/67 HPs)
             Began as a Vine Stalker Fighter on July 8, 2017.
             Was an Elder of Uskayaw.
             Mangled by a two-headed ogre
             ... wielding a +0 giant club
              (12 damage)
             ... on level 10 of the Dungeon.
             The game lasted 00:18:49 (7459 turns).

scotch the Carver (Vine Stalker Fighter)            Turns: 7459, Time: 00:18:50

Health: -7/67      AC:  8    Str: 20    XL:     12   Next: 7%
Magic:  0/26       EV:  8    Int:  9    God:    Uskayaw [****..]
Gold:   388        SH:  9    Dex: 20    Spells: 11/11 levels left

rFire    . . .     SeeInvis .   a - +0 long sword
rCold    . . .     Gourm    .   c - +0 shield
rNeg     . . .     Faith    .   b - +0 scale mail
rPois    .         Spirit   +   (no helmet)
rElec    .         Reflect  .   K - scarf {Spirit}
rCorr    .         Harm     .   (no gloves)
MR       +....                  (no boots)
Stlth    +.........             h - amulet of regeneration
Regen    1.5/turn               x - +3 ring of dexterity
MPRegen  0.2/turn               o - ring of magical power

@: drained
A: fangs 3, regeneration 2, magic shield, antimagic bite, no potion heal 3, rot
immunity
a: Stomp, Line Pass, Renounce Religion


You were on level 10 of the Dungeon.
You worshipped Uskayaw.
Uskayaw was noncommittal.
You were not hungry.

You visited 2 branches of the dungeon, and saw 9 of its levels.
You also visited: Sewer.

You collected 388 gold pieces.

Inventory:

Hand Weapons
 a - a +0 long sword (weapon)
 D - a +0 dagger of speed
Armour
 b - a +0 scale mail (worn)
 c - a +0 shield (worn)
 q - a +0 helmet
 v - a +0 helmet
 K - a scarf of spirit shield (worn)
Jewellery
 e - an uncursed amulet of the gourmand
 h - an amulet of regeneration (around neck)
 l - an uncursed ring of positive energy
 o - a ring of magical power (right hand)
 x - a +3 ring of dexterity (left hand)
 y - an uncursed ring of protection from cold
Scrolls
 i - a scroll of blinking {unknown}
 n - 4 scrolls of amnesia {unknown}
 p - a scroll of noise {unknown}
 s - a scroll of magic mapping {unknown}
 t - 7 scrolls of teleportation {unknown}
 w - 4 scrolls of enchant armour {unknown}
 B - a scroll of remove curse {unknown}
 C - a scroll of recharging {unknown}
 E - a scroll of immolation {unknown}
 G - a scroll of summoning {unknown}
 I - 2 scrolls of identify
 J - 2 scrolls of fog {unknown}
 N - a scroll of fear {unknown}
Potions
 d - a potion of haste
 j - a potion of ambrosia
 k - 3 potions of brilliance
 r - 6 potions of agility
 u - 7 potions of flight
 z - 2 potions of heal wounds
 A - 7 potions of curing
 H - a potion of invisibility {unknown}
Books
 F - a book of Cantrips

   Spells                             Type                      Level
   a - Confusing Touch                Hexes                        1
   b - Animate Skeleton               Necromancy                   1
   c - Summon Small Mammal            Summoning                    1
   d - Apportation                    Translocation                1
 L - a book of Callings

   Spells                             Type                      Level
   a - Summon Small Mammal            Summoning                    1
   b - Call Imp                       Summoning                    2
   c - Call Canine Familiar           Summoning                    3
   d - Summon Guardian Golem          Hexes/Summoning              3
   e - Summon Lightning Spire         Summoning/Air                4
   f - Summon Ice Beast               Ice/Summoning                4
Comestibles
 f - 2 bread rations
 g - 3 meat rations
 m - 3 fruits


   Skills:
 - Level 9.7(9.5) Fighting
 + Level 11.2(10.9) Long Blades
 - Level 8.9(8.7) Armour
 - Level 1.5(1.3) Dodging
 - Level 1.1(0.9) Stealth
 - Level 2.6(2.4) Shields
 + Level 6.2(6.0) Invocations


You had 11 spell levels left.
You didn't know any spells.

Dungeon Overview and Level Annotations

Branches:
Dungeon (10/15)            Temple (1/1) D:6            Lair (0/6) D:10
    Orc (0/2) D:10

Altars:
Cheibriados
Gozag
Nemelex Xobeh
Okawaru
Sif Muna
Trog
Uskayaw
Vehumet
Yredelemnul
Zin

Shops:
D:6 =   D:9 !


Innate Abilities, Weirdness & Mutations

You have razor-sharp teeth.
You heal very quickly.
When hurt, damage is shared between your health and your magic reserves.
Your bite disrupts and absorbs the magic of your enemies.
Potions cannot restore your health.
You are immune to rotting.


Message History

You hit the two-headed ogre but do no damage.
The two-headed ogre is severely wounded.
You block the two-headed ogre's attack. x2
You closely miss the two-headed ogre.
You bite the two-headed ogre, but do no damage.
The two-headed ogre is heavily wounded.
You hit the two-headed ogre.
The two-headed ogre is severely wounded.
You block the two-headed ogre's attack.
The two-headed ogre hits you with a giant club!
* * * LOW HITPOINT WARNING * * *
Uskayaw will force your foes to share their pain.
Unknown command.
Okay, then.
You slash the two-headed ogre! Your bite misses the two-headed ogre.
The two-headed ogre is almost dead.
The two-headed ogre hits you with a giant club!!
* * * LOW HITPOINT WARNING * * *
The two-headed ogre hits you with a giant club!
You die...

.......# #..###(##...#.........#
...###.###..>##(##...#.........#
#..# #......###.##..........>..#
#..# #......# #####...(.####...#
#..# #..###.# #.....8.....#...#
#..# #..# #.# ##...........#...#
#.. ....# #.###................#
.....# #.##..8....>....8....#
......# #.##.O@..............#
......###.##.#...........#...#
..........#.....8.....##..#
..........####.....#####..#
..###......##..#.#.# #..#
#......##..#...# #..#
#......##..###.# #..#
#......##..# #.# #..#
#......##..# #.# #..#


You could see a two-headed ogre.

Vanquished Creatures
  2 two-headed ogres (D:9)
  A troll (D:9)
  A hippogriff (D:10)
  A wraith (D:10)
  A wyvern (D:10)
  3 yaks (D:9)
  Edmund (D:5)
  An ice beast (D:5)
  2 orc warriors
  3 sky beasts
  A black bear (D:6)
  2 ogres
  3 centaurs
  7 big kobolds
  3 bullfrogs
  3 scorpions
  9 killer bees (D:9)
  6 crimson imps
  A bullfrog zombie (D:6)
  A bullfrog skeleton (D:7)
  6 hounds
  5 jellies
  4 orc priests
  5 orc wizards
  A centaur skeleton (D:9)
  8 iguanas
  3 worker ants
  A hound zombie (D:7)
  A worker ant zombie (D:7)
  4 adders
  3 shadow imps
  2 oozes
  4 worms
  3 dart slugs
  7 leopard geckos
  33 orcs
  19 giant cockroaches
  8 hobgoblins
  7 jackals
  4 quokkas
  2 ball pythons (Sewer)
  14 bats
  5 frilled lizards
  8 goblins
  43 kobolds
  A leopard gecko skeleton (D:6)
  16 rats
269 creatures vanquished.

Notes
Turn   | Place    | Note
-------+----------+-------------------------------------------
     0 | D:1      | scotch the Vine Stalker Fighter began the quest for the Orb.
     0 | D:1      | Reached XP level 1. HP: 11/11 MP: 2/2
    50 | D:1      | Reached skill level 2 in Long Blades
    73 | D:1      | Reached XP level 2. HP: 9/16 MP: 3/3
   849 | D:1      | Reached XP level 3. HP: 6/19 MP: 4/4
  1106 | D:1      | Reached skill level 3 in Long Blades
  1510 | D:2      | Reached skill level 1 in Dodging
  1568 | D:2      | Reached skill level 1 in Stealth
  1590 | D:2      | Gained mutation: Your natural rate of healing is unusually fast. [Vine Stalker growth]
  1590 | D:2      | Reached XP level 4. HP: 21/23 MP: 5/5
  2526 | D:2      | Found a faded altar of an unknown god.
  2897 | D:3      | You fall through a shaft for 2 floors!
  2897 | D:5      | Entered Level 5 of the Dungeon
  2921 | D:5      | Reached XP level 5. HP: 22/27 MP: 6/6
  2940 | D:5      | Reached skill level 4 in Long Blades
  3225 | D:5      | Reached skill level 5 in Long Blades
  3225 | D:5      | Reached XP level 6. HP: 12/32 MP: 4/7
  3501 | D:5      | Reached skill level 6 in Long Blades
  3501 | D:5      | Reached XP level 7. HP: 30/35 MP: 8/8
  4036 | D:5      | Reached skill level 7 in Long Blades
  4362 | D:5      | Noticed Edmund
  4379 | D:5      | Killed Edmund
  4379 | D:5      | Gained mutation: You have razor-sharp teeth. [Vine Stalker growth]
  4379 | D:5      | Reached XP level 8. HP: 29/39 MP: 9/9
  4545 | D:6      | Reached skill level 8 in Long Blades
  4724 | D:6      | Reached skill level 9 in Long Blades
  4777 | D:6      | Found a bloodstained altar of Trog.
  4818 | D:6      | Found a staircase to the Ecumenical Temple.
  4843 | D:6      | Reached skill level 10 in Long Blades
  4856 | Temple   | Entered the Ecumenical Temple
  4872 | Temple   | Became a worshipper of Uskayaw the Reveler
  4914 | D:6      | Found Zeshrarch's Jewellery Emporium.
  4983 | D:6      | Reached * piety under Uskayaw
  4987 | D:6      | Reached XP level 9. HP: 40/43 MP: 10/10
  4988 | D:6      | Reached ** piety under Uskayaw
  5085 | D:6      | Found a glowing drain.
  5113 | Sewer    | Entered a sewer
  5358 | Sewer    | Reached *** piety under Uskayaw
  5805 | D:7      | Reached XP level 10. HP: 56/56 MP: 11/11
  5845 | D:7      | You fall through a shaft for 2 floors!
  5871 | D:9      | Reached skill level 1 in Invocations
  5889 | D:9      | Reached **** piety under Uskayaw
  5896 | D:9      | Reached ***** piety under Uskayaw
  6172 | D:9      | Found Emerhen's Distillery.
  6181 | D:9      | Reached XP level 11. HP: 63/63 MP: 14/14
  6303 | D:9      | Noticed a two-headed ogre
  6305 | D:9      | Noticed a two-headed ogre
  6324 | D:9      | Killed a two-headed ogre
  6366 | D:9      | Killed a two-headed ogre
  6366 | D:9      | Reached skill level 5 in Invocations
  6663 | D:9      | Reached skill level 11 in Long Blades
  6998 | D:10     | Entered Level 10 of the Dungeon
  7182 | D:10     | Gained mutation: You heal very quickly. [Vine Stalker growth]
  7182 | D:10     | Reached XP level 12. HP: 53/67 MP: 17/17
  7250 | D:10     | Found a staircase to the Lair.
  7328 | D:10     | Found a staircase to the Orcish Mines.
  7440 | D:10     | Noticed a two-headed ogre
  7459 | D:10     | Mangled by a two-headed ogre

Skill      XL: |  1  2  3  4  5  6  7  8  9 10 11 |
---------------+----------------------------------+-----
Long Blades    | 2 3 5 6 7 10 11 | 11.2
Dodging        | 1 |  1.5
Stealth        | 1 |  1.1
Fighting       | 8 9 |  9.7
Armour         | 7 8 |  8.9
Invocations    | 3 6 |  6.2
Shields        | |  2.6

Action                   |  1- 3 |  4- 6 |  7- 9 | 10-12 || total
-------------------------+-------+-------+-------+-------++-------
Melee: Long sword        |   105 |   142 |   309 |   252 ||   808
       Bite              |    20 |    52 |   109 |   111 ||   292
Invok: Stomp             |       |       |       |     5 ||     5
       Line Pass         |       |       |       |     1 ||     1
  Use: Potion            |     1 |     3 |     2 |     1 ||     7
       Scroll            |       |       |     7 |       ||     7
 Stab: Paralysed         |       |       |     3 |    13 ||    16
  Eat: Chunk             |     2 |     7 |     3 |     7 ||    19
       Bread ration      |       |       |     1 |       ||     1
Armor: Scale mail        |    61 |    53 |   120 |    92 ||   326
Dodge: Dodged            |    38 |    37 |    96 |    73 ||   244
Block: Shield            |    63 |    43 |   135 |   115 ||   356
       Rpst.: Long sword |    10 |    16 |    22 |    14 ||    62
